 Dungeon Crawl Stone Soup version 0.22-a0-293-gc9362ec4a2 (webtiles) character file.

320 Infinimo the Digger (level 6, -2/41 HPs)
             Began as an Octopode Earth Elementalist on Mar 24, 2018.
             Slain by a white imp (3 damage)
             ... summoned by Eustachio
             ... on level 4 of the Dungeon.
             The game lasted 00:04:18 (4599 turns).

Infinimo the Digger (Octopode Earth Elementalist)   Turns: 4599, Time: 00:04:19

Health: -2/41      AC:  1    Str:  7    XL:     6   Next: 46%
Magic:  5/11       EV: 13    Int: 19    God:
Gold:   76         SH:  0    Dex: 13    Spells: 10/11 levels left

rFire    . . .     SeeInvis .   e - +0 whip
rCold    . . .     Gourm    .   (no shield)
rNeg     . . .     Faith    .   (helmet restricted)
rPois    .         Spirit   .   (no amulet)
rElec    .         Reflect  .   (no ring)
rCorr    .         Harm     .   (no ring)
MR       .....                  (no ring)
Stlth    +++.......             (no ring)
HPRegen  0.13/turn              (no ring)
MPRegen  0.12/turn              (no ring)
                                (no ring)
                                (no ring)

@: no status effects
A: almost no armour, stealthy swim, amphibious, 8 rings, constrict 8, camouflage
1, gelatinous body 1
a: no special abilities


You were on level 4 of the Dungeon.
You were hungry.

You visited 1 branch of the dungeon, and saw 4 of its levels.

You collected 76 gold pieces.

Inventory:

Hand Weapons
 e - a +0 whip (weapon)
Missiles
 b - 68 stones (quivered)
Jewellery
 m - an uncursed ring of magical power {unknown}
 n - an uncursed ring of wizardry {unknown}
Scrolls
 d - a scroll of fear {unknown}
 f - 2 scrolls of enchant weapon {unknown}
 g - 6 scrolls of identify {unknown}
 h - a scroll of teleportation {unknown}
 j - a scroll of immolation {unknown}
 k - a scroll of fog {unknown}
 o - a scroll of enchant armour {unknown}
 p - 3 scrolls of remove curse {unknown}
 q - a scroll of amnesia {unknown}
 s - 3 scrolls of noise {unknown}
 t - a scroll of blinking {unknown}
Potions
 i - a potion of lignification {unknown}
 l - a potion of haste {unknown}
 r - a potion of curing {unknown}
Comestibles
 c - 5 rations


   Skills:
 + Level 2.9 Fighting
 - Level 2.0 Dodging
 - Level 2.6 Stealth
 + Level 3.4 Spellcasting
   Level 1.0 Transmutations
 * Level 5.4 Earth Magic


You had 10 spell levels left.
You knew the following spells:

 Your Spells              Type           Power        Failure   Level  Hunger
a - Sandblast             Erth           ###...       1%          1    None


Dungeon Overview and Level Annotations

Branches:
Dungeon (4/15)
 Temple: D:4-7

Altars:
Makhleb

Annotations:
D:4 Eustachio


Innate Abilities, Weirdness & Mutations

You cannot wear most types of armour.
You are very stealthy in the water. (Stealth+)
You are amphibious.
You can wear up to eight rings at the same time.
You can use your tentacles to constrict eight enemies at once.
Your skin changes colour to match your surroundings (Stealth+).
Your rubbery body absorbs attacks. (AC +1, EV +1)


Message History

Eustachio is almost dead.
b - 69 stones Eustachio screams, "Hey, you killed my favourite bat!"
Eustachio completely misses you. The white imp hits you.
The white imp freezes you.
* * * LOW HITPOINT WARNING * * *
Casting: Sandblast (safe; 1% risk of failure)
Confirm with . or Enter, or press ? or * to list all spells.
Aiming: Sandblast (safe; 1% risk of failure)
Press: ? - help, Shift-Dir - straight line, f/p - Eustachio
Aim: Eustachio, wielding a rapier and wearing a leather armour (almost dead)
The blast of sand hits Eustachio.
Eustachio is almost dead.
b - 68 stones Eustachio hits you with a rapier!
* * * LOW HITPOINT WARNING * * *
The white imp hits you.
* * * LOW HITPOINT WARNING * * *
The white imp freezes you.
You die...

.......###.#.....####......)...##
...........#..#.................#
.......#........####..........#.#
.......#.#..##..# ##.........#.#
................# ##..###.....#..
.......#..##....###..## ###.#..##
..........##........## #.##.#
..........##........# #.. ...
####.##.#..#....@...##. ... ..
#.....5@5.....# ...
##.....r...##.# #..........# ..
#...$.......# .. ...#.........).
. .. #............ .
#.#...####... #.#.#.# #..


You could see Eustachio, a white imp, a shadow imp and a quokka.

Vanquished Creatures
  A scorpion (D:4)
  An orc priest (D:3)
  2 orc wizards (D:3)
  7 adders
  A worm (D:2)
  5 dart slugs
  3 leopard geckos
  16 orcs (D:3)
  A giant cockroach (D:3)
  8 goblins
  8 hobgoblins
  9 jackals
  6 kobolds
  4 quokkas
  2 ball pythons
  7 bats
  7 frilled lizards
  8 rats
96 creatures vanquished.

Notes
Turn   | Place    | Note
-------+----------+-------------------------------------------
     0 | D:1      | Infinimo the Octopode Earth Elementalist began the quest for the Orb.
     0 | D:1      | Reached XP level 1. HP: 11/11 MP: 3/3
   322 | D:1      | Reached XP level 2. HP: 7/18 MP: 5/5
   817 | D:1      | Reached skill level 1 in Fighting
   837 | D:1      | Reached XP level 3. HP: 13/23 MP: 6/6
  1335 | D:2      | Found a burning altar of Makhleb.
  1961 | D:2      | Reached skill level 4 in Earth Magic
  2153 | D:2      | Reached XP level 4. HP: 28/28 MP: 4/7
  2743 | D:3      | Reached XP level 5. HP: 19/34 MP: 3/9
  3792 | D:3      | Reached skill level 5 in Earth Magic
  3914 | D:3      | Reached XP level 6. HP: 37/41 MP: 7/10
  4582 | D:4      | Noticed Eustachio
  4599 | D:4      | HP: 2/41 [Eustachio/rapier (8)]
  4599 | D:4      | Slain by a white imp

Vault maps used:
D:1:      noname_arrival_rooms_in_the_neighbourhood
D:2:      bloody_makhleb
D:4:      minmay_temple_entry_overgrown, serial_shops, shop_fountains,
          minmay_bisected, uniq_eustachio

Skill      XL: |  1  2  3  4  5 |
---------------+----------------+-----
Fighting       | 1 2 |  2.9
Earth Magic    | 4 5 |  5.4
Spellcasting   | 3 |  3.4
Dodging        | |  2.0
Stealth        | |  2.6
Transmutations | |  1.0

Action                   |  1- 3 |  4- 6 || total
-------------------------+-------+-------++-------
Melee: Unarmed           |    29 |       ||    29
       Constrict         |    29 |    25 ||    54
       Tentacles         |     6 |    19 ||    25
       Whip              |    55 |    85 ||   140
 Cast: Sandblast         |    14 |    45 ||    59
  Use: Potion            |       |     2 ||     2
 Stab: Sleeping          |     2 |    11 ||    13
  Eat: Chunk             |     4 |     7 ||    11
Armor: Skin              |    11 |     7 ||    18
Dodge: Dodged            |    71 |    65 ||   136

Table legend:
 A = Spawn XP
 B = Non-spawn XP
 C = Spawn XP percentage of total XP
 D = Spawn monster count
 E = Non-spawn monster count
 F = Spawn count percentage of total count
 G = Total turns spent on level
                    A         B        C        D         E        F      G
               +---------+---------+-------+---------+---------+-------+---------
         Total |       0 |     458 |   0.0 |       0 |      96 |   0.0 |  4599
               +---------+---------+-------+---------+---------+-------+---------
           D:1 |       0 |      46 |   0.0 |       0 |      27 |   0.0 |  1309
           D:2 |       0 |      49 |   0.0 |       0 |      18 |   0.0 |  1180
           D:3 |       0 |     296 |   0.0 |       0 |      50 |   0.0 |  1906
           D:4 |       0 |      67 |   0.0 |       0 |       1 |   0.0 |   204
               +---------+---------+-------+---------+---------+-------+---------
